 Dungeon Crawl Stone Soup version 0.29.0-4-gdea44cf6ec (webtiles) character file.

Game seed: 3892710582860869610

11 qw the Chopper (level 2, -3/17 HPs)
             Began as a Tengu Warper on Aug 28, 2022.
             Slain by a hobgoblin
             ... wielding a +0 rapier
              (7 damage)
             ... on level 1 of the Dungeon.
             The game lasted 00:00:01 (337 turns).

qw the Chopper (Tengu Warper)                        Turns: 337, Time: 00:00:02

Health: -3/17      AC:  3    Str: 11    XL:     2   Next: 29%
Magic:  6/6        EV: 11    Int: 13    God:
Gold:   6          SH:  0    Dex: 13    Spells: 5/5 levels left

rFire   . . .      SeeInvis .   a - +0 hand axe
rCold   . . .      Faith    .   (no shield)
rNeg    . . .      Spirit   .   b - +0 leather armour
rPois   .          Reflect  .   (helmet restricted)
rElec   .          Harm     .   (no cloak)
rCorr   .          Rampage  .   (no gloves)
Will    .....                   (boots unavailable)
Stlth   +.........              (no amulet)
HPRegen 0.05/turn               (no ring)
MPRegen 0.10/turn               (no ring)

@: no status effects
A: beak, talons 3
a: no special abilities


You were on level 1 of the Dungeon.
You visited 1 branch of the dungeon, and saw 1 of its levels.

You collected 6 gold pieces.


Innate Abilities, Weirdness & Mutations

You have a beak for a mouth.
You have claws for feet.


   Skills:
 - Level 2.0 Fighting
 + Level 3.2 Axes
 - Level 1.0 Throwing
 - Level 1.1 Armour
 - Level 2.1 Dodging
 - Level 2.0 Spellcasting
 - Level 2.4 Translocations


You had 5 spell levels left.
You didn't know any spells.
Your spell library contained the following spells:

 Spells                   Type           Power      Damage    Failure   Level
 Blink                    Tloc           14%        N/A       19%         2
 Gell's Gravitas          Tloc           7%         N/A       36%         3
 Lesser Beckoning         Tloc           7%         N/A       36%         3
 Teleport Other           Tloc           7%         N/A       36%         3
 Manifold Assault         Tloc           7%         N/A       98%         5

Inventory:

Hand Weapons
 a - a +0 hand axe (weapon)
Missiles
 d - a boomerang (quivered)
Armour
 b - a +0 leather armour (worn)
 e - a +0 ring mail
Scrolls
 c - a scroll of blinking
 f - a scroll of immolation {unknown}
 g - a scroll of poison {unknown}

Dungeon Overview and Level Annotations

Branches:
Dungeon (1/15)

Altars:

Shops:
D:1 [


Message History

The rat is severely wounded.
Throw: boomerang
Press: ? - help, Q - select action Shift-Dir - straight line, f/p - rat You throw a boomerang.
The boomerang hits the rat.
You kill the rat!
g - a scroll labelled TELAUL BOXEWNO A kobold comes into view.
It is wielding a +0 dagger.
The kobold shouts!
You hear a shout!
Throw: boomerang
Press: ? - help, Q - select action Shift-Dir - straight line, f - kobold You throw a boomerang.
The boomerang hits the kobold.
The kobold is moderately wounded.
A hobgoblin comes into view. It is wielding a +0 rapier.
Throw: boomerang
Press: ? - help, Q - select action Shift-Dir - straight line, f/p - kobold You throw a boomerang.
The boomerang closely misses the kobold.
An endoplasm comes into view.
328 ||| Stepping ~*~*~tactically~*~*~ (stealth).
Throw: boomerang
Press: ? - help, Q - select action Shift-Dir - straight line, f/p - kobold You throw a boomerang.
The boomerang closely misses the kobold.
You closely miss the kobold.
The kobold is moderately wounded.
The kobold hits you but does no damage.
You hit the kobold.
You kill the kobold!
You barely miss the hobgoblin.
You claw the hobgoblin, but do no damage.
The hobgoblin closely misses you.
The hobgoblin hits you with a +0 rapier.
You closely miss the hobgoblin.
The hobgoblin hits you with a +0 rapier.
You closely miss the hobgoblin. Your kick misses the hobgoblin.
The hobgoblin hits you with a +0 rapier.
You hit the hobgoblin.
The hobgoblin is moderately wounded.
The hobgoblin hits you with a +0 rapier!
You die...

########## #........# .
#........# .. #........#
.g. #........#########
.... #.......%.........
..... #.................
......##............#....
.......g@..........#.#..#
.....###..........#...#.#
... #########.#..\..#. J
#.#.#...#.. #.#..#.#...
#.#...#.... #..##.#....
#.. ....... #..#..###.#


You could see a hobgoblin.

Vanquished Creatures
  A dart slug (D:1)
  An endoplasm (D:1)
  3 jackals (D:1)
  2 kobolds (D:1)
  2 rats (D:1)
9 creatures vanquished.

Notes
Turn   | Place    | Note
-------+----------+-------------------------------------------
     0 | D:1      | qw the Tengu Warper began the quest for the Orb.
     0 | D:1      | Reached XP level 1. HP: 12/12 MP: 4/4
     0 | D:1      | 0 ||| qw: Version: 0.1-a-89-g26bdef1
     0 | D:1      | 0 ||| qw: Game counter: 2414
     0 | D:1      | 0 ||| qw: Always use a shield: true
     0 | D:1      | 0 ||| qw: God list: Okawaru
     0 | D:1      | 0 ||| qw: Allow faded altars: false
     0 | D:1      | 0 ||| qw: Do Orc after D:15 true
     0 | D:1      | 0 ||| qw: Do second Lair branch before Depths: true
     0 | D:1      | 0 ||| qw: Lair rune preference: random
     0 | D:1      | 0 ||| qw: Plans: Normal
     0 | D:1      | 0 ||| PLANNING D:1-11
   179 | D:1      | Found Gippiyn's Armour Shop.
   186 | D:1      | 186 ||| Stepping ~*~*~tactically~*~*~ (hiding).
   195 | D:1      | Reached skill level 3 in Axes
   195 | D:1      | Reached XP level 2. HP: 12/17 MP: 6/6
   302 | D:1      | 302 ||| SHOPLISTING +0 scale mail (48 gold, have 6).
   302 | D:1      | 302 ||| SHOPLISTING +1 chain mail of Paidunex {rCorr Str+3
                  | Dex-3} (265 gold, have 6).
   302 | D:1      | 302 ||| SHOPLISTING +1 fire dragon scales (804 gold, have
                  | 6).
   302 | D:1      | 302 ||| SHOPLISTING +1 pair of gloves of strength (198
                  | gold, have 6).
   302 | D:1      | 302 ||| SHOPLISTING +2 robe of resistance (452 gold, have
                  | 6).
   328 | D:1      | 328 ||| Stepping ~*~*~tactically~*~*~ (stealth).
   336 | D:1      | HP: 3/17 [hobgoblin/+0 rapier (5)]
   337 | D:1      | Slain by a hobgoblin

Levels and vault maps discovered:
D:1:      scummos_arrival_forest, layout_rooms, serial_shops,
          nicolae_diamond_shop

Skill      XL: |  1 |
---------------+----+-----
Axes           | 3 |  3.2
Fighting       | |  2.0
Throwing       | |  1.0
Armour         | |  1.1
Dodging        | |  2.1
Spellcasting   | |  2.0
Translocations | |  2.4

Action                   || total
-------------------------++-------
Melee: Hand axe          ||    17
       Kick              ||     4
Throw: Boomerang         ||    19
Armor: Leather armour    ||     2
Dodge: Dodged            ||     8

Table legend:
 A = Non-vault XP
 B = Vault XP
 C = Vault XP percentage of total XP
 D = Non-vault monster count
 E = Vault monster count
 F = Vault count percentage of total count
                 A         B        C        D         E       F
            +---------+---------+-------+---------+---------+-------
      Total |      17 |       0 |   0.0 |       9 |       0 |   0.0
            +---------+---------+-------+---------+---------+-------
        D:1 |      17 |       0 |   0.0 |       9 |       0 |   0.0
            +---------+---------+-------+---------+---------+-------
